Rangers vs Flames (R1)

Created - 24 septembre 2014 at 22:26

Goals
1 2 3 T
Rangers 0 1 0 1
Flames 1 1 1 3
Shots
1 2 3 T
Rangers 3 10 3 16
Flames 5 13 5 23

1st period

1. Flames , Patrik Berglund 1 (Mike Leclerc, Steve Eminger) at 9:19

Penalties :
Milan Hejduk (Cal) for Diving (Minor) at 14:09

2nd period

2. Flames , Steve Eminger 2 (Michal Handzus) at 11:29
3. Rangers , Patrice Bergeron 1 (Valtteri Filppula, Staffan Kronwall) at 14:24

Penalties :
Kimmo Timonen (NYR) for Interference (Minor) at 3:42, Craig Adams (Cal) for Hooking (Minor) at 9:13, Alexander Semin (Cal) for Hooking (Minor) at 15:47

3rd period

4. Flames , Eric Staal 1 (David Backes) at 13:56 (PP)

Penalties :
Brent Seabrook (NYR) for Holding (Minor) at 1:44, Filip Kuba (Cal) for Holding (Minor) at 9:16, Brad Richards (NYR) for Delaying the game (Minor) at 13:40, Radek Bonk (NYR) for Hooking (Minor) at 15:45

Goalie Stats

Henrik Lundqvist (NYR), 20 saves from 23 shots - (0,870), L, 1-1-0, 60:00 minutes
Craig Anderson (Cal), 15 saves from 16 shots - (0,938), W, 1-0-0, 60:00 minutes

Players Stats for Rangers

Player Name              G  A  P  +/- PIM S  H  SB GA TA FO     MP     PP MP  PK MP  
------------------------------------------------------------------------------------
Alexandre Burrows        0  0  0  -1  0   0  0  0  0  0  0/0    14:29   0:01   1:01 
Alexei Emelin            0  0  0  -1  0   0  0  0  0  0  0/0     4:58   0:00   0:25 
Brad Richards            0  0  0   0  2   0  2  0  0  0  10/20  20:19   4:29   2:56 
Brent Seabrook           0  0  0   0  2   1  1  0  1  0  0/0    21:29   4:47   2:29 
Cam Barker               0  0  0  -1  0   2  0  3  0  1  0/0    25:24   4:47   3:49 
Drew Stafford            0  0  0  -1  0   1  2  0  0  0  0/0    13:35   0:22   0:00 
Dustin Brown             0  0  0   0  0   1  2  0  0  0  0/0    17:34   3:26   0:00 
Johan Franzen            0  0  0   0  0   3  2  1  0  0  0/0    17:09   4:29   0:00 
Kimmo Timonen            0  0  0  -1  2   0  1  0  0  0  0/0    20:29   3:09   1:28 
Mark Fistric             0  0  0  -1  0   1  3  2  0  1  0/0    21:23   3:09   2:24 
Matt Greene              0  0  0   1  0   0  1  1  0  0  0/0    12:33   0:00   0:00 
Matt Read                0  0  0  -1  0   0  0  0  0  0  0/0     6:06   0:01   0:00 
Milan Lucic              0  0  0   0  0   1  3  0  0  0  3/5    23:37   4:08   3:02 
Patrice Bergeron         1  0  1   0  0   4  3  1  0  0  4/8    20:30   3:26   2:18 
Patrick Sharp            0  0  0   0  0   0  1  1  0  0  1/1    19:37   3:26   1:34 
Radek Bonk               0  0  0   0  2   1  4  0  0  0  3/5    14:15   0:00   1:35 
Staffan Kronwall         0  1  1   1  0   1  1  0  0  0  0/0    14:28   0:00   1:51 
Valtteri Filppula        0  1  1   0  0   0  1  0  0  0  0/0     5:48   0:00   0:00 

Players Stats for Flames

Player Name              G  A  P  +/- PIM S  H  SB GA TA FO     MP     PP MP  PK MP  
------------------------------------------------------------------------------------
Alexander Semin          0  0  0   0  2   3  3  0  0  0  0/0    19:02   3:42   1:24 
Craig Adams              0  0  0   1  2   1  1  0  0  1  0/0    12:07   0:39   1:33 
David Backes             0  1  1  -1  0   2  1  0  1  0  0/0    16:24   2:42   1:46 
Eric Staal               1  0  1   0  0   4  2  0  0  0  12/26  19:40   3:40   2:29 
Erik Johnson             0  0  0   0  0   3  2  1  0  0  0/0    22:17   3:59   3:42 
Filip Kuba               0  0  0   1  2   1  4  1  0  0  0/0    24:56   3:59   3:26 
Jordin Tootoo            0  0  0   0  0   0  2  0  0  0  0/1    13:58   0:00   0:00 
Mark Bell                0  0  0  -1  0   0  2  0  1  0  0/0    14:36   1:54   0:12 
Michal Handzus           0  1  1   0  0   0  2  0  0  0  3/7    17:42   0:00   4:15 
Mike Leclerc             0  1  1   2  0   2  2  0  0  0  0/0    15:26   0:37   4:13 
Mikhail Grabovski        0  0  0   0  0   0  1  0  0  0  1/2     9:03   0:00   0:00 
Milan Hejduk             0  0  0   1  2   2  1  0  0  0  1/1    12:42   2:52   0:00 
Niklas Kronwall          0  0  0  -1  0   0  1  1  0  0  0/0    15:23   2:14   0:48 
Patrik Berglund          1  0  1   1  0   1  1  0  0  0  1/2    12:23   2:33   0:00 
Ron Hainsey              0  0  0  -1  0   0  2  0  0  0  0/0    15:36   0:00   3:42 
Steve Eminger            1  1  2   2  0   2  2  1  0  0  0/0    22:46   0:00   4:08 
Steve Regier             0  0  0   0  0   2  0  0  0  0  0/0     8:55   0:00   0:00 
Tomas Kaberle            0  0  0   1  0   0  1  2  0  0  0/0    19:04   2:14   0:06 

3 Stars

1 - Steve Eminger (Cal)
2 - Patrice Bergeron (NYR)
3 - Patrik Berglund (Cal)

Power Play

Rangers - 0 on 4 Attempt(s) - 0,00%
Flames - 1 on 4 Attempt(s) - 25,00%

Penalty Kill

Rangers - 3 on 4 Attempt(s) - 75,00% - Score 0 goal in Penalty Kill
Flames - 4 on 4 Attempt(s) - 100,00% - Score 0 goal in Penalty Kill

Official

Referees : Sutherland Kelly and Leggo Mike
Linesman : Ryan Galloway and Dan Schachte

Game Notes

No Game Note

Finance

Level 1 -- Attendance: 4218 (70,30%) -- Ticket Income 421 800 $
Level 2 -- Attendance: 3148 (62,96%) -- Ticket Income 236 100 $
Level 3 -- Attendance: 1164 (58,20%) -- Ticket Income 52 380 $
Level 4 -- Attendance: 2284 (57,10%) -- Ticket Income 79 940 $
Luxury Box -- Attendance: 581 (58,10%) -- Ticket Income 133 630 $
Game was played at the Metal Center
Total Attendance: 11395 (63,31%)
Total Ticket Income: 923 850 $
Other Income: 138 578 $
Total Income: 1 062 428 $

Rangers

5 vs 5 Forward 
   Center                   Left Wing                Right Wing               Time % Phy DF OF 
 1 Brad Richards            Milan Lucic              Johan Franzen            40     1   2  2  
 2 Patrice Bergeron         Patrick Sharp            Dustin Brown             30     1   2  2  
 3 Radek Bonk               Alexandre Burrows        Drew Stafford            20     1   2  2  
 4 Valtteri Filppula        Milan Lucic              Matt Read                10     1   2  2  

5 vs 5 Defense 
   Defense                  Defense                                           Time % Phy DF OF 
 1 Cam Barker               Brent Seabrook                                    40     1   2  2  
 2 Kimmo Timonen            Mark Fistric                                      30     1   2  2  
 3 Matt Greene              Staffan Kronwall                                  20     1   2  2  
 4 Alexei Emelin            Cam Barker                                        10     1   2  2  

PowerPlay Forward 
   Center                   Left Wing                Right Wing               Time % Phy DF OF 
 1 Brad Richards            Milan Lucic              Johan Franzen            60     1   2  2  
 2 Patrice Bergeron         Patrick Sharp            Dustin Brown             40     1   2  2  

PowerPlay Defense
   Defense                  Defense                                           Time % Phy DF OF 
 1 Cam Barker               Brent Seabrook                                    60     1   2  2  
 2 Kimmo Timonen            Mark Fistric                                      40     1   2  2  

Penalty Kill 4 Players Forward 
   Center                   Wing                     Time % Phy DF OF 
 1 Milan Lucic              Brad Richards            60     1   2  2  
 2 Patrick Sharp            Patrice Bergeron         40     1   2  2  

Penalty Kill 4 Players Defense
   Defense                  Defense                  Time % Phy DF OF 
 1 Cam Barker               Brent Seabrook           60     1   2  2  
 2 Kimmo Timonen            Mark Fistric             40     1   2  2  

Penalty Kill - 3 Players Forward 
   Forward                                           Time % Phy DF OF 
 1 Milan Lucic                                       60     1   2  2  
 2 Brad Richards                                     40     1   2  2  

Penalty Kill - 3 Players Defense
   Defense                  Defense                  Time % Phy DF OF 
 1 Cam Barker               Brent Seabrook           60     1   2  2  
 2 Kimmo Timonen            Mark Fistric             40     1   2  2  

4 vs 4 Forward 
   Center                   Wing                     Time % Phy DF OF 
 1 Milan Lucic              Brad Richards            60     1   2  2  
 2 Patrick Sharp            Patrice Bergeron         40     1   2  2  

4 vs 4 Defense
   Defense                  Defense                  Time % Phy DF OF 
 1 Cam Barker               Brent Seabrook           60     1   2  2  
 2 Kimmo Timonen            Mark Fistric             40     1   2  2  

Last Minutes Offensive
   Center                   Left Wing                Right Wing               Defense                  Defense                  
   Brad Richards            Milan Lucic              Johan Franzen            Cam Barker               Brent Seabrook           

Last Minutes Defensive
   Center                   Left Wing                Right Wing               Defense                  Defense                  
   Brad Richards            Milan Lucic              Johan Franzen            Cam Barker               Brent Seabrook           

Goaltenders
Starting : Henrik Lundqvist         
Backup : Hannu Toivonen           

Extra Forwards
Normal : Drew Stafford, Alexandre Burrows, Radek Bonk - PP : Drew Stafford, Alexandre Burrows - PK : Radek Bonk
Extra Defensemen
Normal : Matt Greene, Staffan Kronwall, Alexei Emelin - PP : Matt Greene - PK : Staffan Kronwall, Alexei Emelin
Penalty Shots
Milan Lucic, Brad Richards, Patrick Sharp, Patrice Bergeron, Johan Franzen

Flames

5 vs 5 Forward 
   Center                   Left Wing                Right Wing               Time % Phy DF OF 
 1 Eric Staal               Alexander Semin          Jordin Tootoo            40     1   2  2  
 2 Michal Handzus           Mark Bell                David Backes             30     1   2  2  
 3 Patrik Berglund          Mike Leclerc             Milan Hejduk             20     1   2  2  
 4 Mikhail Grabovski        Steve Regier             Craig Adams              10     1   2  2  

5 vs 5 Defense 
   Defense                  Defense                                           Time % Phy DF OF 
 1 Filip Kuba               Steve Eminger                                     40     1   2  2  
 2 Tomas Kaberle            Erik Johnson                                      30     1   2  2  
 3 Niklas Kronwall          Ron Hainsey                                       20     1   2  2  
 4 Tomas Kaberle            Steve Eminger                                     10     1   2  2  

PowerPlay Forward 
   Center                   Left Wing                Right Wing               Time % Phy DF OF 
 1 Eric Staal               Alexander Semin          David Backes             60     1   2  2  
 2 Patrik Berglund          Mark Bell                Milan Hejduk             40     1   2  2  

PowerPlay Defense
   Defense                  Defense                                           Time % Phy DF OF 
 1 Filip Kuba               Erik Johnson                                      60     1   2  2  
 2 Tomas Kaberle            Niklas Kronwall                                   40     1   2  2  

Penalty Kill 4 Players Forward 
   Center                   Wing                     Time % Phy DF OF 
 1 Michal Handzus           Mike Leclerc             60     1   3  1  
 2 Eric Staal               Craig Adams              40     1   3  1  

Penalty Kill 4 Players Defense
   Defense                  Defense                  Time % Phy DF OF 
 1 Filip Kuba               Steve Eminger            60     1   4  0  
 2 Erik Johnson             Ron Hainsey              40     1   4  0  

Penalty Kill - 3 Players Forward 
   Forward                                           Time % Phy DF OF 
 1 Eric Staal                                        60     1   4  0  
 2 Mike Leclerc                                      40     1   4  0  

Penalty Kill - 3 Players Defense
   Defense                  Defense                  Time % Phy DF OF 
 1 Filip Kuba               Steve Eminger            60     1   4  0  
 2 Erik Johnson             Ron Hainsey              40     1   4  0  

4 vs 4 Forward 
   Center                   Wing                     Time % Phy DF OF 
 1 Eric Staal               Alexander Semin          60     1   2  2  
 2 Michal Handzus           David Backes             40     1   2  2  

4 vs 4 Defense
   Defense                  Defense                  Time % Phy DF OF 
 1 Filip Kuba               Steve Eminger            60     1   2  2  
 2 Tomas Kaberle            Erik Johnson             40     1   2  2  

Last Minutes Offensive
   Center                   Left Wing                Right Wing               Defense                  Defense                  
   Eric Staal               Alexander Semin          David Backes             Filip Kuba               Steve Eminger            

Last Minutes Defensive
   Center                   Left Wing                Right Wing               Defense                  Defense                  
   Eric Staal               Alexander Semin          David Backes             Filip Kuba               Steve Eminger            

Goaltenders
Starting : Craig Anderson           
Backup : Pekka Rinne              

Extra Forwards
Normal : Alexander Semin, Jordin Tootoo, Michal Handzus - PP : Mark Bell, Milan Hejduk - PK : David Backes
Extra Defensemen
Normal : Erik Johnson, Tomas Kaberle, Niklas Kronwall - PP : Tomas Kaberle - PK : Erik Johnson, Ron Hainsey
Penalty Shots
Alexander Semin, Eric Staal, David Backes, Mark Bell, Milan Hejduk

% Time on Ice - Rangers

Lines # - Real PCT - Wanted PCT - Time Play
Normal Forward
1 - 30% - 40% - 13:46
2 - 32% - 30% - 14:38
3 - 25% - 20% - 11:39
4 - 13% - 10% - 5:48
Normal Defense
1 - 30% - 40% - 13:37
2 - 35% - 30% - 15:50
3 - 26% - 20% - 11:51
4 - 10% - 10% - 4:33
PP Forward
1 - 57% - 60% - 4:30
2 - 43% - 40% - 3:26
PP Defense
1 - 60% - 60% - 4:47
2 - 40% - 40% - 3:09
PK Forward
1 - 75% - 60% - 4:39
2 - 25% - 40% - 1:34
PK Defense
1 - 61% - 60% - 3:49
2 - 39% - 40% - 2:24
PK3 Forward
1 - 0% - 60%
2 - 0% - 40%
PK3 Defense
1 - 0% - 60%
2 - 0% - 40%
44 Forward
1 - 0% - 60%
2 - 0% - 40%
44 Defense
1 - 0% - 60%
2 - 0% - 40%
Last Minute Offensive  - 0:00
Last Minute Defensive  - 0:00
Total
Forward - 60:00
Defense - 60:00

% Time on Ice - Flames

Lines # - Real PCT - Wanted PCT - Time Play
Normal Forward
1 - 31% - 40% - 14:22
2 - 28% - 30% - 12:52
3 - 21% - 20% - 9:42
4 - 19% - 10% - 8:55
Normal Defense
1 - 39% - 40% - 17:52
2 - 28% - 30% - 12:54
3 - 25% - 20% - 11:31
4 - 8% - 10% - 3:34
PP Forward
1 - 59% - 60% - 3:40
2 - 41% - 40% - 2:33
PP Defense
1 - 64% - 60% - 3:59
2 - 36% - 40% - 2:14
PK Forward
1 - 75% - 60% - 5:58
2 - 25% - 40% - 1:58
PK Defense
1 - 53% - 60% - 4:14
2 - 47% - 40% - 3:42
PK3 Forward
1 - 0% - 60%
2 - 0% - 40%
PK3 Defense
1 - 0% - 60%
2 - 0% - 40%
44 Forward
1 - 0% - 60%
2 - 0% - 40%
44 Defense
1 - 0% - 60%
2 - 0% - 40%
Last Minute Offensive  - 0:00
Last Minute Defensive  - 0:00
Total
Forward - 60:00
Defense - 60:00

Play by Play

1st period


0:01 of 1st period - Brad Richards wins face-off versus Eric Staal in neutral zone.
0:35 of 1st period - Snap shot by Mark Bell.
0:35 of 1st period - Shot Misses the Net.
0:55 of 1st period - Slapshot by Cam Barker.
0:55 of 1st period - Shot Blocked by Erik Johnson.
0:57 of 1st period - Slapshot by Brent Seabrook.
0:57 of 1st period - Shot Misses the Net.
1:17 of 1st period - Wrist shot by Mikhail Grabovski.
1:17 of 1st period - Shot Blocked by Mark Fistric.
2:10 of 1st period - Snap shot by Brad Richards.
2:10 of 1st period - Shot Blocked by Niklas Kronwall.
2:12 of 1st period - Snap shot by Staffan Kronwall.
2:12 of 1st period - Stopped by Craig Anderson with a rebound.
3:12 of 1st period - Michal Handzus is hit by Brent Seabrook and loses puck.
3:40 of 1st period - Matt Greene is hit by Jordin Tootoo and loses puck.
3:51 of 1st period - Patrik Berglund is hit by Staffan Kronwall and loses puck.
4:01 of 1st period - Off-side.
4:02 of 1st period - Patrice Bergeron wins face-off versus Eric Staal in neutral zone.
4:27 of 1st period - Mark Bell is hit by Mark Fistric and loses puck.
4:42 of 1st period - Slapshot by Brent Seabrook.
4:42 of 1st period - Shot Misses the Net.
6:14 of 1st period - Mikhail Grabovski is hit by Mark Fistric.
6:32 of 1st period - Drew Stafford is hit by Tomas Kaberle and loses puck.
6:40 of 1st period - Icing by Mark Fistric.
6:41 of 1st period - Radek Bonk wins face-off versus Eric Staal in Rangers zone.
7:29 of 1st period - Brent Seabrook is hit by Mike Leclerc and loses puck.
8:07 of 1st period - Snap shot by Patrice Bergeron.
8:07 of 1st period - Shot Misses the Net.
8:44 of 1st period - Cam Barker is hit by Filip Kuba and loses puck.
9:10 of 1st period - Patrice Bergeron is hit by Patrik Berglund and loses puck.
9:19 of 1st period - Wrist shot by Patrik Berglund.
9:19 of 1st period - Goal by Patrik Berglund - Rangers : 0 - Flames : 1.
9:20 of 1st period - Eric Staal wins face-off versus Brad Richards in neutral zone.
10:05 of 1st period - Slapshot by Steve Regier.
10:05 of 1st period - Stopped by Henrik Lundqvist with a rebound.
10:11 of 1st period - Craig Adams is hit by Patrice Bergeron and loses puck.
10:22 of 1st period - Snap shot by Mike Leclerc.
10:22 of 1st period - Stopped by Henrik Lundqvist with a rebound.
10:43 of 1st period - Off-side.
10:44 of 1st period - Brad Richards wins face-off versus Eric Staal in neutral zone.
11:07 of 1st period - Wrist shot by David Backes.
11:07 of 1st period - Shot Misses the Net.
11:09 of 1st period - Slapshot by Erik Johnson.
11:09 of 1st period - Stopped by Henrik Lundqvist without a rebound.
11:10 of 1st period - Eric Staal wins face-off versus Patrice Bergeron in Rangers zone.
12:06 of 1st period - Snap shot by Milan Hejduk.
12:06 of 1st period - Shot Blocked by Patrice Bergeron.
12:09 of 1st period - Icing by Kimmo Timonen.
12:10 of 1st period - Eric Staal wins face-off versus Patrice Bergeron in Rangers zone.
12:35 of 1st period - Slapshot by Dustin Brown.
12:35 of 1st period - Stopped by Craig Anderson with a rebound.
12:37 of 1st period - Snap shot by Johan Franzen.
12:37 of 1st period - Stopped by Craig Anderson with a rebound.
12:39 of 1st period - Slapshot by Mark Fistric.
12:39 of 1st period - Shot Misses the Net.
13:23 of 1st period - Slapshot by Eric Staal.
13:23 of 1st period - Stopped by Henrik Lundqvist with a rebound.
13:29 of 1st period - Jordin Tootoo is hit by Milan Lucic and loses puck.
13:58 of 1st period - Snap shot by Michal Handzus.
13:58 of 1st period - Shot Blocked by Matt Greene.
14:09 of 1st period - Minor Penalty to Milan Hejduk for Diving.
14:10 of 1st period - Michal Handzus wins face-off versus Brad Richards in Flames zone.
14:10 of 1st period - Michal Handzus is hit by Milan Lucic.
16:09 of 1st period - Penalty to Milan Hejduk is over, Milan Hejduk is back on ice.
17:35 of 1st period - Milan Lucic is hit by Craig Adams.
17:45 of 1st period - Staffan Kronwall is hit by Steve Eminger and loses puck.
18:02 of 1st period - Eric Staal is hit by Radek Bonk and loses puck.
18:34 of 1st period - Wrist shot by Mikhail Grabovski.
18:34 of 1st period - Shot Misses the Net.
18:40 of 1st period - Mikhail Grabovski is hit by Valtteri Filppula and loses puck.
18:53 of 1st period - Patrice Bergeron is hit by Niklas Kronwall and loses puck.
19:00 of 1st period - David Backes is hit by Patrice Bergeron and loses puck.
19:27 of 1st period - Kimmo Timonen is hit by Steve Eminger and loses puck.
19:40 of 1st period - Radek Bonk is hit by Erik Johnson and loses puck.
Goals for this period are 0 for Rangers vs 1 for Flames.
Shots for this period are 3 for Rangers vs 5 for Flames.

2nd period


0:01 of 2nd period - Brad Richards wins face-off versus Eric Staal in neutral zone.
0:06 of 2nd period - Snap shot by Milan Lucic.
0:06 of 2nd period - Shot Misses the Net.
0:16 of 2nd period - Wrist shot by Eric Staal.
0:16 of 2nd period - Shot Misses the Net.
0:47 of 2nd period - Wrist shot by Milan Hejduk.
0:47 of 2nd period - Stopped by Henrik Lundqvist with a rebound.
1:33 of 2nd period - Snap shot by Steve Regier.
1:33 of 2nd period - Stopped by Henrik Lundqvist with a rebound.
2:05 of 2nd period - Niklas Kronwall is hit by Radek Bonk.
2:25 of 2nd period - Patrick Sharp is hit by Mark Bell and loses puck.
2:42 of 2nd period - Milan Lucic is hit by Filip Kuba and loses puck.
3:24 of 2nd period - Milan Lucic is hit by Michal Handzus and loses puck.
3:41 of 2nd period - Slapshot by David Backes.
3:41 of 2nd period - Stopped by Henrik Lundqvist without a rebound.
3:42 of 2nd period - Patrice Bergeron wins face-off versus Eric Staal in Rangers zone.
3:42 of 2nd period - Minor Penalty to Kimmo Timonen for Interference.
3:43 of 2nd period - Patrick Sharp wins face-off versus Eric Staal in Rangers zone.
4:49 of 2nd period - Icing by Mike Leclerc.
4:50 of 2nd period - Milan Lucic wins face-off versus Eric Staal in Flames zone.
5:42 of 2nd period - Penalty to Kimmo Timonen is over, Kimmo Timonen is back on ice.
6:21 of 2nd period - Milan Lucic is hit by Milan Hejduk and loses puck.
6:34 of 2nd period - Drew Stafford is hit by Ron Hainsey and loses puck.
6:54 of 2nd period - Cam Barker is hit by Filip Kuba and loses puck.
7:19 of 2nd period - David Backes is hit by Brad Richards.
7:39 of 2nd period - Mark Fistric is hit by Alexander Semin and loses puck.
8:34 of 2nd period - Dustin Brown is hit by David Backes and loses puck.
8:57 of 2nd period - Snap shot by Craig Adams.
8:57 of 2nd period - Stopped by Henrik Lundqvist without a rebound.
8:58 of 2nd period - Mikhail Grabovski wins face-off versus Radek Bonk in Rangers zone.
9:13 of 2nd period - Minor Penalty to Craig Adams for Hooking.
9:14 of 2nd period - Brad Richards wins face-off versus Michal Handzus in Flames zone.
9:44 of 2nd period - Steve Eminger is hit by Dustin Brown.
10:58 of 2nd period - Erik Johnson is hit by Milan Lucic and loses puck.
11:13 of 2nd period - Penalty to Craig Adams is over, Craig Adams is back on ice.
11:29 of 2nd period - Snap shot by Steve Eminger.
11:29 of 2nd period - Goal by Steve Eminger - Rangers : 0 - Flames : 2.
11:30 of 2nd period - Eric Staal wins face-off versus Brad Richards in neutral zone.
11:39 of 2nd period - Wrist shot by Alexander Semin.
11:39 of 2nd period - Shot Misses the Net.
11:41 of 2nd period - Snap shot by Alexander Semin.
11:41 of 2nd period - Stopped by Henrik Lundqvist without a rebound.
11:42 of 2nd period - Brad Richards wins face-off versus Eric Staal in Rangers zone.
12:08 of 2nd period - Steve Eminger is hit by Patrice Bergeron and loses puck.
12:17 of 2nd period - Wrist shot by Patrice Bergeron.
12:17 of 2nd period - Stopped by Craig Anderson with a rebound.
12:19 of 2nd period - Snap shot by Patrick Sharp.
12:19 of 2nd period - Shot Blocked by Steve Eminger.
12:33 of 2nd period - Snap shot by Mike Leclerc.
12:33 of 2nd period - Stopped by Henrik Lundqvist without a rebound.
12:34 of 2nd period - Patrik Berglund wins face-off versus Brad Richards in Rangers zone.
12:35 of 2nd period - Snap shot by Milan Hejduk.
12:35 of 2nd period - Stopped by Henrik Lundqvist without a rebound.
12:36 of 2nd period - Eric Staal wins face-off versus Brad Richards in Rangers zone.
12:41 of 2nd period - Wrist shot by Alexander Semin.
12:41 of 2nd period - Shot Blocked by Johan Franzen.
12:49 of 2nd period - Wrist shot by Johan Franzen.
12:49 of 2nd period - Stopped by Craig Anderson with a rebound.
12:51 of 2nd period - Slapshot by Mark Fistric.
12:51 of 2nd period - Shot Blocked by Tomas Kaberle.
13:34 of 2nd period - Backhand shot by Milan Hejduk.
13:34 of 2nd period - Shot Misses the Net.
13:50 of 2nd period - Snap shot by Eric Staal.
13:50 of 2nd period - Stopped by Henrik Lundqvist with a rebound.
14:24 of 2nd period - Wrist shot by Patrice Bergeron.
14:24 of 2nd period - Goal by Patrice Bergeron - Rangers : 1 - Flames : 2.
14:25 of 2nd period - Patrice Bergeron wins face-off versus Jordin Tootoo in neutral zone.
14:30 of 2nd period - Snap shot by Patrice Bergeron.
14:30 of 2nd period - Stopped by Craig Anderson without a rebound.
14:31 of 2nd period - Eric Staal wins face-off versus Patrice Bergeron in Flames zone.
14:58 of 2nd period - Snap shot by David Backes.
14:58 of 2nd period - Stopped by Henrik Lundqvist with a rebound.
15:00 of 2nd period - Slapshot by Filip Kuba.
15:00 of 2nd period - Stopped by Henrik Lundqvist with a rebound.
15:02 of 2nd period - Snap shot by David Backes.
15:02 of 2nd period - Shot Blocked by Cam Barker.
15:04 of 2nd period - Slapshot by Steve Eminger.
15:04 of 2nd period - Stopped by Henrik Lundqvist with a rebound.
15:06 of 2nd period - Slapshot by Filip Kuba.
15:06 of 2nd period - Shot Misses the Net.
15:18 of 2nd period - Slapshot by Cam Barker.
15:18 of 2nd period - Stopped by Craig Anderson with a rebound.
15:35 of 2nd period - Brent Seabrook is hit by Erik Johnson and loses puck.
15:47 of 2nd period - Minor Penalty to Alexander Semin for Hooking.
15:48 of 2nd period - Brad Richards wins face-off versus Michal Handzus in Flames zone.
15:48 of 2nd period - Slapshot by Milan Lucic.
15:48 of 2nd period - Stopped by Craig Anderson with a rebound.
15:50 of 2nd period - Snap shot by Mark Fistric.
15:50 of 2nd period - Deflect By Steve Eminger.
15:50 of 2nd period - Stopped by Craig Anderson without a rebound.
15:51 of 2nd period - Michal Handzus wins face-off versus Brad Richards in Flames zone.
15:58 of 2nd period - Wrist shot by Mike Leclerc.
15:58 of 2nd period - Shot Misses the Net.
16:05 of 2nd period - Off-side.
16:06 of 2nd period - Michal Handzus wins face-off versus Brad Richards in neutral zone.
16:15 of 2nd period - Snap shot by Brent Seabrook.
16:15 of 2nd period - Stopped by Craig Anderson with a rebound.
16:17 of 2nd period - Wrist shot by Cam Barker.
16:17 of 2nd period - Stopped by Craig Anderson without a rebound.
16:18 of 2nd period - Brad Richards wins face-off versus Michal Handzus in Flames zone.
17:03 of 2nd period - Johan Franzen is hit by Michal Handzus and loses puck.
17:40 of 2nd period - Ron Hainsey is hit by Johan Franzen and loses puck.
17:47 of 2nd period - Penalty to Alexander Semin is over, Alexander Semin is back on ice.
18:29 of 2nd period - Slapshot by Tomas Kaberle.
18:29 of 2nd period - Deflect By Eric Staal.
18:29 of 2nd period - Stopped by Henrik Lundqvist without a rebound.
18:30 of 2nd period - Patrice Bergeron wins face-off versus Eric Staal in Rangers zone.
18:30 of 2nd period - Patrice Bergeron is hit by Eric Staal.
18:44 of 2nd period - Dustin Brown is hit by Alexander Semin and loses puck.
19:05 of 2nd period - Snap shot by Mikhail Grabovski.
19:05 of 2nd period - Shot Misses the Net.
19:31 of 2nd period - Wrist shot by Johan Franzen.
19:31 of 2nd period - Stopped by Craig Anderson without a rebound.
19:32 of 2nd period - Brad Richards wins face-off versus Patrik Berglund in Flames zone.
19:35 of 2nd period - Snap shot by Milan Lucic.
19:35 of 2nd period - Shot Misses the Net.
19:43 of 2nd period - Johan Franzen is hit by Mike Leclerc and loses puck.
Goals for this period are 1 for Rangers vs 1 for Flames.
Shots for this period are 10 for Rangers vs 13 for Flames.

3rd period


0:01 of 3rd period - Eric Staal wins face-off versus Milan Lucic in neutral zone.
0:07 of 3rd period - Cam Barker is hit by Filip Kuba and loses puck.
0:51 of 3rd period - Filip Kuba is hit by Drew Stafford and loses puck.
1:28 of 3rd period - Slapshot by Erik Johnson.
1:28 of 3rd period - Stopped by Henrik Lundqvist with a rebound.
1:30 of 3rd period - Wrist shot by Eric Staal.
1:30 of 3rd period - Shot Misses the Net.
1:36 of 3rd period - Snap shot by Alexander Semin.
1:36 of 3rd period - Stopped by Henrik Lundqvist with a rebound.
1:38 of 3rd period - Wrist shot by Eric Staal.
1:38 of 3rd period - Shot Blocked by Patrick Sharp.
1:44 of 3rd period - Minor Penalty to Brent Seabrook for Holding.
1:45 of 3rd period - Milan Lucic wins face-off versus Eric Staal in Rangers zone.
2:27 of 3rd period - Kimmo Timonen is hit by Eric Staal and loses puck.
3:44 of 3rd period - Penalty to Brent Seabrook is over, Brent Seabrook is back on ice.
4:05 of 3rd period - Snap shot by Mikhail Grabovski.
4:05 of 3rd period - Shot Blocked by Mark Fistric.
4:27 of 3rd period - Staffan Kronwall is hit by Mark Bell and loses puck.
4:38 of 3rd period - Mike Leclerc is hit by Drew Stafford and loses puck.
4:47 of 3rd period - Cam Barker is hit by Ron Hainsey and loses puck.
5:04 of 3rd period - Ron Hainsey is hit by Radek Bonk and loses puck.
7:34 of 3rd period - Kimmo Timonen is hit by Mikhail Grabovski and loses puck.
8:01 of 3rd period - David Backes is hit by Johan Franzen and loses puck.
8:16 of 3rd period - Patrik Berglund is hit by Radek Bonk and loses puck.
8:32 of 3rd period - Alexander Semin is hit by Matt Greene and loses puck.
9:16 of 3rd period - Minor Penalty to Filip Kuba for Holding.
9:17 of 3rd period - Brad Richards wins face-off versus Michal Handzus in Flames zone.
9:42 of 3rd period - Michal Handzus is hit by Kimmo Timonen and loses puck.
9:51 of 3rd period - Wrist shot by Dustin Brown.
9:51 of 3rd period - Shot Misses the Net.
11:16 of 3rd period - Penalty to Filip Kuba is over, Filip Kuba is back on ice.
11:27 of 3rd period - Slapshot by Brent Seabrook.
11:27 of 3rd period - Deflect By Alexandre Burrows.
11:27 of 3rd period - Shot Blocked by Tomas Kaberle.
11:27 of 3rd period - Puck is out of play.
11:28 of 3rd period - Radek Bonk wins face-off versus Mikhail Grabovski in Flames zone.
11:37 of 3rd period - Snap shot by Drew Stafford.
11:37 of 3rd period - Shot Misses the Net.
11:39 of 3rd period - Slapshot by Drew Stafford.
11:39 of 3rd period - Shot Misses the Net.
11:41 of 3rd period - Wrist shot by Drew Stafford.
11:41 of 3rd period - Shot Blocked by Filip Kuba.
11:43 of 3rd period - Snap shot by Drew Stafford.
11:43 of 3rd period - Deflect By Radek Bonk.
11:43 of 3rd period - Stopped by Craig Anderson with a rebound.
12:17 of 3rd period - Niklas Kronwall is hit by Patrick Sharp and loses puck.
12:30 of 3rd period - Patrik Berglund is hit by Brad Richards and loses puck.
12:39 of 3rd period - Snap shot by Milan Hejduk.
12:39 of 3rd period - Shot Blocked by Cam Barker.
12:45 of 3rd period - Wrist shot by Drew Stafford.
12:45 of 3rd period - Shot Misses the Net.
12:47 of 3rd period - Slapshot by Brent Seabrook.
12:47 of 3rd period - Shot Misses the Net.
12:57 of 3rd period - Alexandre Burrows is hit by Jordin Tootoo and loses puck.
13:18 of 3rd period - Slapshot by Drew Stafford.
13:18 of 3rd period - Stopped by Craig Anderson without a rebound.
13:19 of 3rd period - Eric Staal wins face-off versus Brad Richards in Flames zone.
13:30 of 3rd period - Wrist shot by Alexander Semin.
13:30 of 3rd period - Shot Misses the Net.
13:40 of 3rd period - Minor Penalty to Brad Richards for Delaying the game.
13:41 of 3rd period - Radek Bonk wins face-off versus Eric Staal in Rangers zone.
13:48 of 3rd period - Slapshot by Erik Johnson.
13:48 of 3rd period - Stopped by Henrik Lundqvist with a rebound.
13:50 of 3rd period - Wrist shot by Filip Kuba.
13:50 of 3rd period - Deflect By Eric Staal.
13:50 of 3rd period - Shot Blocked by Cam Barker.
13:50 of 3rd period - Puck is out of play.
13:51 of 3rd period - Eric Staal wins face-off versus Radek Bonk in Rangers zone.
13:56 of 3rd period - Wrist shot by Eric Staal.
13:56 of 3rd period - Goal by Eric Staal - Rangers : 1 - Flames : 3.
13:57 of 3rd period - Brad Richards wins face-off versus Eric Staal in neutral zone.
14:07 of 3rd period - Off-side.
14:08 of 3rd period - Eric Staal wins face-off versus Brad Richards in neutral zone.
14:39 of 3rd period - Off-side.
14:40 of 3rd period - Eric Staal wins face-off versus Brad Richards in neutral zone.
15:30 of 3rd period - Mark Bell is hit by Mark Fistric and loses puck.
15:45 of 3rd period - Minor Penalty to Radek Bonk for Hooking.
15:46 of 3rd period - Eric Staal wins face-off versus Milan Lucic in Rangers zone.
15:49 of 3rd period - Wrist shot by Alexander Semin.
15:49 of 3rd period - Stopped by Henrik Lundqvist without a rebound.
15:50 of 3rd period - Milan Lucic wins face-off versus Eric Staal in Rangers zone.
15:50 of 3rd period - Milan Lucic is hit by Alexander Semin.
17:02 of 3rd period - Wrist shot by Patrice Bergeron.
17:02 of 3rd period - Stopped by Craig Anderson without a rebound.
17:03 of 3rd period - Milan Hejduk wins face-off versus Patrice Bergeron in Flames zone.
17:45 of 3rd period - Penalty to Radek Bonk is over, Radek Bonk is back on ice.
18:54 of 3rd period - Craig Adams is hit by Dustin Brown and loses puck.
Goals for this period are 0 for Rangers vs 1 for Flames.
Shots for this period are 3 for Rangers vs 5 for Flames.


Output by the SimonT Hockey Simulator (STHS) for François Prévost -- Original Page W3C XHTML 1.0 Valid
Hockey Simulator - Hockey Simulation - Hockey Manager